Map: Cosmic Sapphire

Players

RznR - Winner!

  • Race: Protoss Protoss
  • Spawn Location: 5:00

VOD

Have the link to the VOD?

Description

Time

  • Played on: Sept. 14, 2022, 8:36 p.m.
  • Length: 16:17
Show
View Real Time Build Order
Export as new Build Order

RznR Protoss - Winner!

Build Orders:  

Get SALT Encoding   

  1  0:00  Probe (Chrono Boost)  
  13  0:10  Probe (Chrono Boost)  
  14  0:36  Probe (Chrono Boost), Pylon  
  15  1:04  Probe (Chrono Boost)  
  16  1:12  Gateway  
  16  1:25  Probe (Chrono Boost), Assimilator  
  17  1:58  Nexus  
  17  1:59  Probe (Chrono Boost)  
  18  2:11  Pylon  
  18  2:16  Probe (Chrono Boost)  
  19  2:33  Pylon  
  19  2:37  Pylon  
  19  2:43  Pylon  
  19  2:57  Probe (Chrono Boost)  
  20  3:14  Probe (Chrono Boost)  
  21  3:24  Cybernetics Core  
  22  3:31  Probe (Chrono Boost)  
  22  3:45  Gateway  
  22  3:47  Gateway  
  22  3:51  Gateway  
  22  4:05  Probe (Chrono Boost)  
  23  4:16  Probe (Chrono Boost)  
  23  4:17  Probe (Chrono Boost)  
  23  4:28  Probe (Chrono Boost)  
  25  4:38  Assimilator  
  26  4:53  Gateway  
  26  4:54  Gateway  
  26  4:57  Gateway  
  26  5:36  Warp Gate, Robotics Facility  
  26  5:38  Pylon  
  26  5:41  Pylon  
  26  5:52  Pylon  
  26  5:53  Probe (Chrono Boost)  
  26  5:55  Pylon  
  37  6:00  Probe (Chrono Boost)  
  27  6:04  Probe (Chrono Boost)  
  29  6:11  Probe (Chrono Boost)  
  29  6:18  Probe (Chrono Boost)  
  31  6:24  Zealot, Probe (Chrono Boost)  
  31  6:25  Zealot x5  
  31  6:26  Zealot  
  47  6:51  Probe (Chrono Boost)  
  47  7:02  Probe (Chrono Boost)  
  47  7:06  Probe (Chrono Boost)  
  49  7:13  Probe (Chrono Boost)  
  49  7:17  Probe (Chrono Boost)  
  50  7:27  Probe (Chrono Boost)  
  50  7:29  Stalker  
  48  7:30  Stalker x5  
  48  7:31  Stalker  
  50  7:57  Warp Prism (Chrono Boost)  
  50  8:09  Zealot x5  
  62  8:10  Zealot x2  
  66  10:00  Stalker x2  
  66  10:01  Stalker  
  66  10:02  Stalker x3  
  66  10:03  Stalker  
  80  10:40  Unknown  
  60  11:02  Stalker x3  
  60  11:03  Stalker x4  
  54  11:37  Stalker  
  54  11:38  Stalker x5  
  54  11:39  Stalker  
  62  13:07  Stalker  
  62  13:08  Stalker x3  
  62  13:09  Stalker x3  
  64  14:20  Zealot  
  64  14:24  Zealot x3  
  64  14:25  Zealot x3  
  68  16:05  Stalker x2  
  68  16:06  Stalker x5  
Tags
 
Add a new tag
Caveats
  • Supply blocks, unpowered buildings, or Contaminate may cause inaccurate times.
  • Supply counts are checked every 10 seconds.